 Dungeon Crawl Stone Soup version 0.21.1-1-g345015f (webtiles) character file.

739 Gaball the Slasher (level 7, 0/36 HPs)
             Began as a Vine Stalker Gladiator on June 16, 2018.
             Was an Initiate of Gozag.
             Slain by a gnoll
             ... wielding a +0 halberd
              (10 damage)
             ... on level 4 of the Dungeon.
             The game lasted 00:08:20 (2783 turns).

Gaball the Slasher (Vine Stalker Gladiator)         Turns: 2783, Time: 00:08:21

Health: 0/36       AC:  4    Str: 17    XL:     7   Next: 75%
Magic:  0/8        EV: 14    Int:  8    God:    Gozag
Gold:   296        SH:  0    Dex: 17    Spells: 6/6 levels left

rFire    . . .     SeeInvis .   a - +0 long sword
rCold    . . .     Gourm    +   (no shield)
rNeg     . . .     Faith    .   b - +0 leather armour
rPois    .         Spirit   +   g - +0 helmet
rElec    .         Reflect  .   (no cloak)
rCorr    .         Harm     .   (no gloves)
MR       .....                  (no boots)
Stlth    ++........             o - amulet of the gourmand
HPRegen  0.52/turn              (no ring)
MPRegen  0.11/turn              (no ring)

@: gold aura
A: fangs 2, regeneration 1, magic shield, antimagic bite, no potion heal 3, rot
immunity
a: Potion Petition, Call Merchant, Bribe Branch, Renounce Religion


You were on level 4 of the Dungeon.
You worshipped Gozag.
Gozag was aware of your devotion.
You were very hungry.

You visited 1 branch of the dungeon, and saw 4 of its levels.

You collected 296 gold pieces.

Inventory:

Hand Weapons
 a - a +0 long sword (weapon)
 m - a +0 spear of piercing
Missiles
 d - 3 throwing nets (quivered)
Armour
 b - a +0 leather armour (worn)
 c - a +0 helmet
 g - a +0 helmet (worn)
Jewellery
 o - an amulet of the gourmand (around neck)
Scrolls
 h - a scroll of fog
 j - a scroll of remove curse {unknown}
 k - 2 scrolls of magic mapping {unknown}
 r - a scroll of amnesia {unknown}
Potions
 e - 4 potions of curing
 i - a potion of haste {unknown}
 l - 2 potions of brilliance
 n - a potion of cancellation {unknown}
 p - a potion of lignification
 q - a potion of heal wounds {unknown}
Comestibles
 f - 7 rations


   Skills:
 + Level 3.4 Fighting
 * Level 6.4 Long Blades
 - Level 1.7 Throwing
 - Level 1.5 Armour
 + Level 3.6 Dodging
 - Level 1.4 Stealth


You had 6 spell levels left.
You didn't know any spells.

Dungeon Overview and Level Annotations

Branches:
Dungeon (4/15)
 Temple: D:4-7

Altars:
Gozag

Annotations:
D:3 1 exclusion


Innate Abilities, Weirdness & Mutations

You have extremely sharp teeth.
Your natural rate of healing is unusually fast.
When hurt, damage is shared between your health and your magic reserves.
Your bite disrupts and absorbs the magic of your enemies.
Potions cannot restore your health.
You are immune to rotting.


Message History

You hit the gnoll.
You kill the gnoll!
The gnoll closely misses you.
You slash the gnoll!
You kill the gnoll!
The gnoll closely misses you.
Things that are here:
10 gold pieces; a halberd You completely miss the gnoll.
The gnoll closely misses you.
You barely miss the gnoll. Your bite misses the gnoll.
The gnoll hits you with a halberd!
* * * LOW HITPOINT WARNING * * *
You closely miss the gnoll. Your bite misses the gnoll.
The gnoll barely misses you.
You riposte.
You completely miss the gnoll. Your bite misses the gnoll. You slash the gnoll!
The gnoll is almost dead.
The gnoll hits you with a halberd!
You die...
Your body crumbles into a pile of gold.

.. ######..###8.8#...##... #
.......# #..).#.g..$...#.....
......# ##.##.#.#8.8#.......#
...... [.......##.###..#...#
##.... ######.#..#......#.###
####..)# #.).##.###..#.##
......##### ##.....# ##....#
..........#######....### #..#.##
............))$$@g#### ##.##..#
..........######### ##..###)#
......>...###############..####.#
................................#
..........#############.######...
......[...# ##.# #### ..........#
###..# ### ..........# ###...##
##.) #..######## #..(### #..#


You could see a gnoll.

Vanquished Creatures
  Sigmund (D:4)
  An ogre (D:4)
  A bullfrog (D:4)
  A hound (D:4)
  2 centaur skeletons
  An orc wizard (D:4)
  A gnoll shaman (D:4)
  An orc priest (D:4)
  An iguana (D:4)
  A worker ant (D:4)
  A hound zombie (D:3)
  2 hound skeletons
  A worker ant zombie (D:3)
  Robin (D:3)
  2 gnolls (D:4)
  4 adders
  2 worms
  2 dart slugs (D:1)
  2 leopard geckos
  4 orcs (D:4)
  3 giant cockroaches
  4 hobgoblins
  10 jackals
  2 quokkas
  A ball python skeleton (D:3)
  4 bats
  A frilled lizard (D:2)
  A giant cockroach zombie (D:3)
  18 goblins
  A jackal skeleton (D:4)
  4 kobolds
  2 leopard gecko skeletons (D:3)
  A quokka skeleton (D:4)
  5 rats
89 creatures vanquished.

Notes
Turn   | Place    | Note
-------+----------+-------------------------------------------
     0 | D:1      | Gaball the Vine Stalker Gladiator began the quest for the Orb.
     0 | D:1      | Reached XP level 1. HP: 11/11 MP: 2/2
   213 | D:1      | Reached skill level 3 in Long Blades
   306 | D:1      | Reached XP level 2. HP: 15/15 MP: 3/3
   809 | D:1      | Reached XP level 3. HP: 16/18 MP: 2/4
  1112 | D:2      | Reached skill level 4 in Long Blades
  1145 | D:2      | Gained mutation: Your natural rate of healing is unusually fast. [Vine Stalker growth]
  1145 | D:2      | Reached XP level 4. HP: 12/23 MP: 5/5
  1648 | D:3      | Reached skill level 1 in Armour
  1656 | D:3      | Reached skill level 1 in Stealth
  1725 | D:3      | Reached XP level 5. HP: 21/26 MP: 6/6
  1801 | D:3      | Noticed an ice beast
  1825 | D:3      | Noticed Robin
  1886 | D:3      | Killed Robin
  1963 | D:3      | Found a faded altar of an unknown god.
  1989 | D:3      | Became a worshipper of Gozag Ym Sagoz the Greedy
  2259 | D:4      | Reached skill level 5 in Long Blades
  2303 | D:4      | Reached XP level 6. HP: 25/30 MP: 3/7
  2447 | D:4      | Noticed Sigmund
  2504 | D:4      | Killed Sigmund
  2504 | D:4      | Reached skill level 6 in Long Blades
  2504 | D:4      | Reached XP level 7. HP: 20/36 MP: 6/8
  2783 | D:4      | Slain by a gnoll

Skill      XL: |  1  2  3  4  5  6 |
---------------+-------------------+-----
Long Blades    | 3 4 5 6 |  6.4
Armour         | 1 |  1.5
Stealth        | 1 |  1.4
Fighting       | 2 3 |  3.4
Dodging        | 3 |  3.6
Throwing       | |  1.7

Action                   |  1- 3 |  4- 6 |  7- 9 || total
-------------------------+-------+-------+-------++-------
Melee: Long sword        |    73 |   155 |    48 ||   276
       Bite              |    23 |    44 |    18 ||    85
  Use: Scroll            |       |     3 |       ||     3
       Potion            |       |     2 |       ||     2
 Stab: Sleeping          |       |     2 |       ||     2
  Eat: Chunk             |       |     6 |       ||     6
Armor: Leather armour    |    25 |    20 |     8 ||    53
       Skin              |       |    35 |       ||    35
Dodge: Dodged            |    60 |    96 |    35 ||   191
       Rpst.: Long sword |    23 |    28 |     5 ||    56
